 Dungeon Crawl Stone Soup version 0.28.0-53-g5a82cb258f (webtiles) character file.

Game seed: 14793301140668668242

67 buhh the Skirmisher (level 4, -7/33 HPs)
             Began as an Octopode Transmuter on June 16, 2022.
             Mangled by an orc
             ... wielding a +0 war axe
              (10 damage)
             ... on level 2 of the Dungeon.
             The game lasted 00:02:18 (1766 turns).

buhh the Skirmisher (Octopode Transmuter)           Turns: 1766, Time: 00:02:18

Health: -7/33      AC:  1    Str:  9    XL:     4   Next: 16%
Magic:  6/7        EV: 12    Int: 17    God:
Gold:   40         SH:  3    Dex: 12    Spells: 6/7 levels left

rFire   . . .      SeeInvis .     - Unarmed
rCold   . . .      Faith    .   b - +0 buckler
rNeg    . . .      Spirit   .   (helmet currently unavailable)
rPois   .          Reflect  .   (no amulet)
rElec   .          Harm     .   (no ring)
rCorr   .          Rampage  .   (no ring)
Will    .....                   (no ring)
Stlth   +++.......              (no ring)
HPRegen 0.11/turn               (no ring)
MPRegen 0.10/turn               (no ring)
                                (no ring)
                                (no ring)

@: appendages (expiring)
A: tentacle spike 3, almost no armour, amphibious, 8 rings, camouflage 1,
gelatinous body 1, (nimble swimmer 1), tentacles
a: End Transformation


You were on level 2 of the Dungeon.
One of your tentacles had grown a beastly spike.
You visited 1 branch of the dungeon, and saw 2 of its levels.

You collected 40 gold pieces.

Inventory:

Missiles
 a - 6 curare-tipped darts
Armour
 b - a +0 buckler (worn)
Scrolls
 d - a scroll of enchant weapon {unknown}
 e - a scroll of acquirement {unknown}
Potions
 c - a potion of berserk rage {unknown}


   Skills:
 * Level 3.8 Fighting
 - Level 2.0 Dodging
 - Level 1.0 Stealth
 - Level 3.0 Unarmed Combat
 - Level 2.0 Spellcasting
 - Level 2.0 Transmutations


You had 6 spell levels left.
You knew the following spells:

 Your Spells              Type           Power      Damage    Failure   Level
a - Beastly Appendage     Tmut           16%        N/A       12%         1

Your spell library contained the following spells:

 Spells                   Type           Power      Damage    Failure   Level
 Wereblood                Tmut           8%         N/A       17%         2
 Ensorcelled Hibernation  Hex/Ice        2%         N/A       36%         2
 Spider Form              Tmut/Pois      5%         N/A       45%         3
 Ice Form                 Ice/Tmut       5%         N/A       86%         4
 Anguish                  Hex/Necr       0%         N/A       95%         4


Dungeon Overview and Level Annotations

Branches:
Dungeon (2/15)

Altars:

Shops:
D:1 [(


Innate Abilities, Weirdness & Mutations

One of your tentacles has grown a beastly spike.
You cannot wear most types of armour.
You are amphibious.
You can wear up to eight rings at the same time.
Your skin changes colour to match your surroundings (Stealth+).
Your rubbery body absorbs attacks. (AC +1, EV +1)
((You are camouflaged when in or above water. (Stealth+)))
You have tentacles for arms and can constrict up to eight enemies at once.


Message History

The orc priest struggles to escape constriction.
You tentacle-slap the orc priest but do no damage.
You squeeze the orc priest.
The orc priest is severely wounded.
You constrict the orc priest.
The orc priest hits you with a +2 short sword of flaming.
The orc priest burns you.
You tentacle-slap the orc priest.
You kill the orc priest!
You have reached level 4!
You tentacle-slap the orc but do no damage.
You grab the orc.
You pierce the orc, but do no damage.
You constrict the orc. The orc barely misses you.
You tentacle-slap the orc.
You pierce the orc, but do no damage.
The orc is almost dead.
Your transformation is almost over.
You constrict the orc.
You kill the orc!
The orc hits you with a +1 dagger of electrocution.
You are electrocuted!
You tentacle-slap the orc but do no damage.
You grab the orc. You constrict the orc.
The orc hits you with a +1 dagger of electrocution.
You tentacle-slap the orc but do no damage.
You pierce the orc.
The orc is moderately wounded.
You constrict the orc, but do no damage.
The orc escapes!
You closely miss the orc. Your grab misses the orc. You squeeze the orc.
The orc is almost dead.
The orc hits you with a +0 war axe.
* * * LOW HITPOINT WARNING * * *
The orc closely misses you.
You closely miss the orc. Your grab misses the orc.
Your tentacle spike misses the orc.
Your squeeze misses the orc.
The orc is almost dead.
The orc hits you with a +1 dagger of electrocution.
* * * LOW HITPOINT WARNING * * *
The orc hits you with a +0 war axe!
You die...

#. # ####.## .#
.....####.#
#.........
#.#...#.### #
#.........# .
#.....#.#.#
#@...#.#.#
......oo##†....#
##..#######...##
.. #<..# #...#
#...# #...#
#.... ......


You could see 2 orcs.

Vanquished Creatures
  An orc priest (D:2)
  An orc (D:2)
  4 ball pythons (D:1)
  4 bats (D:1)
  3 endoplasms (D:1)
  3 giant cockroaches (D:1)
  2 goblins (D:1)
  5 hobgoblins (D:1)
  2 frilled lizards
  3 kobolds (D:1)
  6 rats (D:1)
34 creatures vanquished.

Notes
Turn   | Place    | Note
-------+----------+-------------------------------------------
     0 | D:1      | buhh the Octopode Transmuter began the quest for the Orb.
     0 | D:1      | Reached XP level 1. HP: 13/13 MP: 3/3
   554 | D:1      | Reached XP level 2. HP: 4/19 MP: 1/5
   797 | D:1      | Found Atots's Weapon Emporium.
  1161 | D:1      | Found Sipaps's Armour Boutique.
  1366 | D:1      | Reached XP level 3. HP: 25/25 MP: 4/6
  1760 | D:2      | Reached XP level 4. HP: 27/33 MP: 5/7
  1766 | D:2      | Mangled by an orc

Illustrated notes

Levels and vault maps discovered:
D:1:      dpeg_arrival_connections, layout_loops_ring, serial_shops,
          shop_fountains, shop, moated_statue, chequers_mini_garden,
          minmay_tetromino_o4
D:2:      layout_loops_cross, ebering_ecumenical_altar_hall, basic_altar

Skill      XL: |  1  2  3 |
---------------+----------+-----
Stealth        | 1 |  1.0
Fighting       | 2 3 |  3.8
Dodging        | |  2.0
Unarmed Combat | |  3.0
Spellcasting   | |  2.0
Transmutations | |  2.0

Action                   |  1- 3 |  4- 6 || total
-------------------------+-------+-------++-------
Melee: Unarmed           |    60 |     6 ||    66
       Constrict         |    24 |     2 ||    26
       Tentacles         |    18 |     1 ||    19
       Punch             |     2 |       ||     2
       Kick              |     6 |     3 ||     9
 Cast: Beastly Appendage |     8 |       ||     8
 Stab: Sleeping          |     7 |       ||     7
Armor: Skin              |     7 |       ||     7
Dodge: Dodged            |    24 |     2 ||    26
Block: Buckler           |     2 |       ||     2
